 Dungeon Crawl Stone Soup version 0.29.1-12-g30fa7ad0bf (webtiles) character file.

Game seed: 6234506398812616738

42 cdecastro the Caller (level 3, 0/36 HPs)
             Began as a Barachi Summoner on Dec 15, 2022.
             Succumbed to an adder's poison
             ... on level 2 of the Dungeon.
             The game lasted 00:02:59 (1770 turns).

cdecastro the Caller (Barachi Summoner)             Turns: 1770, Time: 00:02:59

Health: 0/36       AC: 21    Str:  9    XL:     3   Next: 56%
Magic:  0/6        EV:  2    Int: 17    God:
Gold:   25         SH:  0    Dex: 12    Spells: 0/6 levels left

rFire   + . .      SeeInvis .   d - +2 dagger (venom)
rCold   + . .      Faith    .   (no shield)
rNeg    . . .      Spirit   .   (body armour currently unavailable)
rPois   +          Reflect  .   (helmet currently unavailable)
rElec   +          Harm     .   (cloak currently unavailable)
rCorr   +          Rampage  .   (gloves currently unavailable)
Will    .....      NoTele   +   (boots currently unavailable)
Stlth   ++........              (no amulet)
HPRegen 0.12/turn               (no ring)
MPRegen 0.10/turn               (no ring)

@: lethally poisoned (0 -> -4), tree-form, resistant
A: stationary, stasis, torment immunity, boosted hp, (amphibious), (slowness 1),
(strong legs 1), +LOS, (hooves 1), (horns 1), sense surroundings 1, evolution 1
a: no special abilities


You were on level 2 of the Dungeon.
You were a tree.
You visited 1 branch of the dungeon, and saw 2 of its levels.

You collected 25 gold pieces.

Inventory:

Hand Weapons
 d - a +2 dagger of venom (weapon)
 k - a +2 dagger of speed
Armour
 a - a +0 robe (melded)
Magical Staves
 j - a staff of death
Jewellery
 c - an amulet of regeneration
Scrolls
 f - a scroll of teleportation {unknown}
 i - 2 scrolls of torment {unknown}
Potions
 b - a potion of magic
 e - a potion of resistance


   Skills:
 - Level 2.1 Dodging
 - Level 1.7 Stealth
 - Level 2.1 Spellcasting
 + Level 6.3 Summonings


You couldn't memorise any spells.
You knew the following spells:

 Your Spells              Type           Power      Damage    Failure   Level
a - Summon Small Mammal   Summ           92%        N/A       1%          1
b - Call Imp              Summ           23%        N/A       2%          2
c - Call Canine Familiar  Summ           23%        N/A       4%          3

Your spell library contained the following spells:

 Spells                   Type           Power      Damage    Failure   Level
 Summon Guardian Golem    Hex/Summ       12%        N/A       16%         3
 Summon Lightning Spire   Summ/Air       12%        N/A       45%         4


Dungeon Overview and Level Annotations

Branches:
Dungeon (2/15)

Altars:


Innate Abilities, Weirdness & Mutations

You are a tree.
Your roots penetrate the ground, keeping you stationary.
You cannot be teleported.
You are immune to unholy pain and torment.
Your maximum health is greatly increased.
Your equipment is partially melded.
((You are amphibious.))
((You cover ground slowly.))
((You can hop short distances.))
You have an extended range of vision and can be seen from far away.
((You have large cloven feet.))
((You have a pair of small horns on your head.))
You passively map a small area around you.
You have hidden genetic potential.


Message History

Your white imp hits the adder but does no damage.
Unknown command.
Unknown command.
You hit the adder.
The adder is poisoned.
The adder is heavily wounded.
You feel sick. The adder barely misses you.
Your quokka completely misses the adder.
The kobold hits you with a +0 dagger.
* * * LOW HITPOINT WARNING * * *
Your white imp hits the adder.
Your white imp freezes the adder.
You closely miss the adder.
The adder is severely wounded.
You feel sick.
Your hound bites the kobold.
The adder bites you.
* * * LOW HITPOINT WARNING * * *
You are lethally poisoned!
The adder poisons you!
Your quokka bites the adder.
The adder dies!
The kobold hits your hound but does no damage.
Your hound closely misses the kobold.
Your white imp gestures at the kobold.
The puff of frost hits the kobold!
The kobold dies!
* * * LOW HITPOINT WARNING * * *
You feel very sick.
There is a stone staircase leading up, spattered with blood here.
You see here a +0 dagger.
There is a lethal amount of poison in your body!
It was a potion of resistance.
You feel protected.
* * * LOW HITPOINT WARNING * * *
You feel sick.
It was a potion of mutation.
You feel extremely strange.
You feel a hidden potential growing inside you.
You feel a strange attunement to the structure of the dungeons.
A pair of horns grows on your head!
Your feet thicken and deform.
* * * LOW HITPOINT WARNING * * *
You feel sick.
It was a potion of lignification.
You turn into a tree.
Your +0 robe melds into your body.
Your roots penetrate the ground.
You die...

#.............. * #
#..$.........#
*#.###............#
,,
.................# *
.................###
*,
...................#
, ..".............#
, .......)......h.#
............5♣..# ,
............r.....#
*
.......#........###
,.......#........#
,.....!..........# ,
................#
.......#........# ,
#.....##........#
*,* , * #####.
##........


You could see a friendly hound (summoned), a friendly white imp (summoned) and a
friendly quokka (summoned).

Vanquished Creatures
  A ball python (D:1)
  A bat (D:1)
  An endoplasm (D:1)
  3 goblins
  2 hobgoblins (D:1)
  4 jackals (D:1)
  A kobold (D:1)
  3 quokkas (D:1)
  2 frilled lizards (D:1)
18 creatures vanquished.

Vanquished Creatures (collateral kills)
  An adder (D:2)
  A ball python (D:1)
  An endoplasm (D:1)
  A goblin (D:1)
  A hobgoblin (D:1)
  2 kobolds
  A frilled lizard (D:1)
8 creatures vanquished.

Vanquished Creatures (others)
  A plant (D:1)
1 creature vanquished.

Grand Total: 27 creatures vanquished

Notes
Turn   | Place    | Note
-------+----------+-------------------------------------------
     0 | D:1      | cdecastro the Barachi Summoner began the quest for the Orb.
     0 | D:1      | Reached XP level 1. HP: 13/13 MP: 3/3
   107 | D:1      | Reached skill level 5 in Summonings
   607 | D:1      | Reached XP level 2. HP: 19/19 MP: 5/5
   994 | D:1      | Learned a level 2 spell: Call Imp
  1182 | D:1      | Reached XP level 3. HP: 22/24 MP: 3/6
  1185 | D:1      | Reached skill level 6 in Summonings
  1552 | D:1      | Learned a level 3 spell: Call Canine Familiar
  1768 | D:2      | HP: 1/24 [poisoned by an adder]
  1769 | D:2      | Gained mutation: You have hidden genetic potential. [potion
                  | of mutation]
  1769 | D:2      | Gained mutation: You passively map a small area around you.
                  | [potion of mutation]
  1769 | D:2      | Gained mutation: You have a pair of small horns on your
                  | head. [potion of mutation]
  1769 | D:2      | Gained mutation: You have large cloven feet. [potion of
                  | mutation]
  1770 | D:2      | Succumbed to an adder's poison

Illustrated notes

Levels and vault maps discovered:
D:1:      amcnicky_arrival_choice, layout_loops_ring, serial_bayou,
          serial_bayou_lagoon_a, serial_bayou_pond_a, serial_bayou_crossing,
          serial_bayou_pond_e, hangedman_decor_points
D:2:      layout_rooms, hellmonk_ecumenical_altar_crossroads,
          serial_bayou_pond_e, uniq_robin

Skill      XL: |  1  2  3 |
---------------+----------+-----
Summonings     | 5 6 |  6.3
Dodging        | |  2.1
Stealth        | |  1.7
Spellcasting   | |  2.1

Action                   || total
-------------------------++-------
Melee: Unarmed           ||    17
       Dagger            ||    48
       Punch             ||     1
 Cast: Summon Small Mamm ||    22
       Call Imp          ||     1
       Call Canine Famil ||     1
  Use: Potion            ||     3
 Stab: Sleeping          ||     1
Armor: Robe              ||    10
Dodge: Dodged            ||    62
